 Dungeon Crawl Stone Soup version 0.27.0-1-g7a089689b8 (webtiles) character file.

Game seed: 13379944445115369000

53 Malachi the Sneak (level 3, -1/24 HPs)
             Began as an Octopode Brigand on Aug 12, 2021.
             Was a Follower of Dithmenos.
             Slain by an orc wizard (2 damage)
             ... on level 2 of the Dungeon.
             The game lasted 00:01:19 (349 turns).

Malachi the Sneak (Octopode Brigand)                 Turns: 349, Time: 00:01:20

Health: -1/24      AC:  1    Str: 10    XL:     3   Next: 87%
Magic:  3/3        EV: 12    Int: 13    God:    Dithmenos [*.....]
Gold:   44         SH:  0    Dex: 14    Spells: 2/2 levels left

rFire    . . .     SeeInvis .   a - +2 dagger
rCold    . . .     Faith    .   (no shield)
rNeg     . . .     Spirit   .   (helmet restricted)
rPois    .         Reflect  .   (no amulet)
rElec    .         Harm     .   (no ring)
rCorr    .         Rampage  .   (no ring)
Will     .....                  (no ring)
Stlth    +++++.....             (no ring)
HPRegen  0.08/turn              (no ring)
MPRegen  0.08/turn              (no ring)
                                (no ring)
                                (no ring)

@: wreathed by umbra
A: almost no armour, amphibious, 8 rings, camouflage 1, gelatinous body 1,
(nimble swimmer 1), tentacles
a: Renounce Religion


You were on level 2 of the Dungeon.
You worshipped Dithmenos.
Dithmenos was aware of your devotion.
You visited 1 branch of the dungeon, and saw 2 of its levels.

You collected 44 gold pieces.

Inventory:

Hand Weapons
 a - a +2 dagger (weapon)
Missiles
 b - 8 poisoned darts (quivered)
 c - 2 curare-tipped darts
Scrolls
 d - a scroll of noise {unknown}
 e - a scroll of amnesia {unknown}
 f - a scroll of vulnerability {unknown}
Potions
 g - a potion of heal wounds {unknown}


   Skills:
 + Level 2.0 Fighting
 + Level 2.5 Short Blades
 + Level 2.1 Throwing
 + Level 1.0 Dodging
 * Level 6.9 Stealth


You had 2 spell levels left.
You didn't know any spells.
Your spell library was empty.

Dungeon Overview and Level Annotations

Branches:
Dungeon (1/15)

Altars:
Dithmenos


Innate Abilities, Weirdness & Mutations

You cannot wear most types of armour.
You are amphibious.
You can wear up to eight rings at the same time.
Your skin changes colour to match your surroundings (Stealth+).
Your rubbery body absorbs attacks. (AC +1, EV +1)
((You are camouflaged near water. (Stealth+)))
You have tentacles for arms and can constrict up to eight enemies at once.


Message History

You closely miss the orc. Your grab misses the orc.
Your squeeze misses the orc. The orc hits you with a +0 hand axe!
You hit the orc. Your grab misses the orc.
The orc is heavily wounded.
You hit the orc.
You kill the orc!
Dithmenos accepts your kill.
An orc comes into view. It is wielding a +0 flail.
Things that are here:
a +0 hand axe; a +0 falchion You completely miss the orc.
The orc shouts!
Your grab misses the orc. The orc closely misses you.
The orc wizard gestures wildly while chanting.
The orc wizard flickers and vanishes!
Deactivating autopickup; reactivate with Ctrl-A.
You hit the orc. You grab the orc.
The orc is moderately wounded.
You constrict the orc. The orc hits you with a +0 club.
You hit the orc but do no damage.
The orc is heavily wounded.
You constrict the orc, but do no damage.
The orc hits you with a +0 club.
You are too injured to fight recklessly!
You are too injured to fight recklessly!
You hit the orc.
You kill the orc!
Dithmenos accepts your kill. Something barely misses you.
Things that are here:
a +0 club; a +0 leather armour; a bat corpse You hit something but do no damage.
You squeeze something. Something hits you. The orc hits you with a +0 flail!
* * * LOW HITPOINT WARNING * * *
You miss something. Your squeeze misses something. Something barely misses you.
The orc misses you.
Things that are here:
a +0 hand axe; a +0 falchion You hit something but do no damage.
Something hits you.
You die...

#.# ##.#.....#...
..# ##..#..(..#...
#.###...'.....'...
#.##....#..(..#..#
#.#.....#.....#.##
#.#....####+#####
#.'...## #.#..##
#@#.## #{###
#######o##
#........#
#.###..........
#...##.##.##
#..... ... .......
.##.# #.#.....# #
#


You could see an orc.

Vanquished Creatures
  A gnoll (D:1)
  2 adders (D:2)
  3 orcs (D:2)
  An endoplasm (D:1)
  3 giant cockroaches
  3 goblins (D:1)
  2 hobgoblins
  A quokka (D:2)
  A ball python (D:2)
  A bat (D:2)
  A kobold (D:2)
  3 rats
22 creatures vanquished.

Vanquished Creatures (others)
  3 fungi (D:2)
3 creatures vanquished.

Grand Total: 25 creatures vanquished

Notes
Turn   | Place    | Note
-------+----------+-------------------------------------------
     0 | D:1      | Malachi the Octopode Brigand began the quest for the Orb.
     0 | D:1      | Reached XP level 1. HP: 14/14 MP: 1/1
    58 | D:1      | Reached XP level 2. HP: 18/19 MP: 2/2
    61 | D:1      | Reached skill level 6 in Stealth
   138 | D:1      | You fall into a shaft and drop 1 floor!
   140 | D:2      | Reached XP level 3. HP: 24/24 MP: 3/3
   155 | D:2      | Found a faded altar of an unknown god.
   233 | D:2      | Became a worshipper of Dithmenos the Shadowed
   233 | D:2      | Reached * piety under Dithmenos
   345 | D:2      | HP: 1/24 [orc (7)]
   349 | D:2      | Slain by an orc wizard

Illustrated notes

Levels and vault maps discovered:
D:1:      eino_arrival_water_star, layout_basic, minmay_vboxes
D:2:      layout_loops_corners, shapermc_ecumenical_altar_gd, basic_altar,
          grunt_decor_cap, minmay_quadrilaterals

Skill      XL: |  1  2 |
---------------+-------+-----
Stealth        | 6 |  6.9
Fighting       | |  2.0
Short Blades   | |  2.5
Throwing       | |  2.1
Dodging        | |  1.0

Action                   || total
-------------------------++-------
Melee: Dagger            ||    41
       Constrict         ||     7
       Tentacles         ||     6
 Stab: Sleeping          ||     8
Armor: Skin              ||     4
Dodge: Dodged            ||    16
